AoeStats
← thunder bun

Arabia

506149219Analyzed
1v1 RM · 18d ago on Sep 12, 2026· 26m 20s· 2 players
Game mode
Random Map
Map size
Tiny (2 player)
Population
200
Speed
Normal
Resources
Standard
Victory
Conquest
Starting age
Dark Age
Ending age
Imperial Age
RankedLock teamsTeams togetherTeam positionsShared explorationLock speedFull tech treeHidden civsTurbo modeCheats
Victory
Defeat
🇹🇼 Dravidians · Taiwan
2173
+10
🇨🇱 Turks · Chile
2031
-10
EXILE | Jürgen
6:25 Loom
8:57 Feudal Age
9:50 Double-Bit Axe
10:42 Horse Collar
20:59 Castle Age
19:45 Fletching
20:40 Gold Mining
21:52 Bloodlines
21:48 Scale Barding Armor
21:08 Crossbowman
21:44 Bodkin Arrow
thunder bun
6:05 Loom
11:28 Feudal Age
12:04 Double-Bit Axe
11:41 Man-at-Arms
12:19 Horse Collar
13:41 Arson
20:53 Castle Age
19:32 Fletching
19:58 Gold Mining
20:56 Crossbowman
21:32 Bodkin Arrow
22:01 Padded Archer Armor
21:38 Long Swordsman
22:55 Ballistics
22:56 Scale Mail Armor
25:10 Leather Archer Armor
27:03 Wheelbarrow
Connection lost

Rejoining the realm…

Still unreachable

The connection could not be restored.

Session expired

The server has moved on; the page needs a fresh start.